 Dungeon Crawl Stone Soup version 0.30-a0-311-gf115ab0292 (webtiles) character file.

Game seed: 6377006251337328702

320 NinjaNoafa the Sneak (level 6, -9/28 HPs)
             Began as a Spriggan Enchanter on Oct 25, 2022.
             Killed from afar by Dowan (12 damage)
             ... with a puff of frost
             ... on level 5 of the Dungeon.
             The game lasted 00:09:50 (3057 turns).

NinjaNoafa the Sneak (Spriggan Enchanter)           Turns: 3057, Time: 00:09:51

Health: -9/28      AC:  2    Str:  4    XL:     6   Next: 22%
Magic:  3/11       EV: 19    Int: 22    God:
Gold:   133        SH:  0    Dex: 18    Spells: 8/10 levels left

rFire   . . .      SeeInvis +    c - +4 short sword (protect)
rCold   . . .      Faith    .    (no shield)
rNeg    . . .      Spirit   .    b - +0 robe
rPois   .          Reflect  .    (helmet restricted)
rElec   .          Harm     .    (no cloak)
rCorr   .          Rampage  .    (gloves unavailable)
Will    +....                    (boots unavailable)
Stlth   ++........               (no amulet)
HPRegen 0.24/turn                u - +6 ring of intelligence
MPRegen 0.12/turn                (no ring)

@: mighty, lit by a corona, very slightly contaminated, glowing, very quick
A: very small, no large weapons, unfitting armour, see invisible, speed 3
a: no special abilities


You were on level 5 of the Dungeon.
You visited 1 branch of the dungeon, and saw 5 of its levels.
You also visited: Ossuary.

You collected 133 gold pieces.

Inventory:

Hand Weapons
 c - a +4 short sword of protection (weapon)
Missiles
 m - a throwing net (quivered)
 q - 6 stones
 t - a poisoned dart
Armour
 b - a +0 robe (worn)
Jewellery
 u - a +6 ring of intelligence (left hand)
Wands
 w - a wand of roots (9)
Scrolls
 a - 3 scrolls of teleportation {unknown}
 e - a scroll of silence {unknown}
 j - 2 scrolls of poison
 s - a scroll of blinking {unknown}
 v - a scroll of fog {unknown}
Potions
 d - a potion of might
 f - 5 potions of curing
 g - 3 potions of heal wounds
 h - a potion of resistance {unknown}
 i - a potion of berserk rage {unknown}
 k - a potion of degeneration
 l - 3 potions of attraction {unknown}
 n - a potion of haste {unknown}
 r - a potion of magic {unknown}
 x - a potion of brilliance {unknown}


   Skills:
 + Level 4.5 Short Blades
 - Level 5.0 Dodging
 + Level 5.4 Stealth
 - Level 2.6 Spellcasting
 - Level 5.0 Hexes


You had 8 spell levels left.
You knew the following spells:

 Your Spells              Type           Power      Damage    Failure   Level
a - Ensorcelled Hibernat  Hex/Ice        26%        N/A       7%          2

Your spell library contained the following spells:

 Spells                   Type           Power      Damage    Failure   Level
 Confusing Touch          Hex            24%        N/A       4%          3
 Tukima's Dance           Hex            24%        N/A       4%          3
 Beastly Appendage        Tmut           4%         N/A       13%         1
 Dazzling Flash           Conj/Hex       26%        N/A       14%         3
 Sublimation of Blood     Necr           2%         N/A       19%         2
 Wereblood                Tmut           2%         N/A       19%         2
 Spider Form              Tmut/Pois      2%         N/A       36%         3
 Petrify                  Tmut/Erth      2%         N/A       77%         4
 Irradiate                Conj/Tmut      1%         3d12      98%         5


Dungeon Overview and Level Annotations

Branches:
Dungeon (5/15)            Ossuary (visited)
 Temple: D:4-7

Altars:
Kikubaaqudgha

Shops:
D:1 ?

Annotations:
D:5 Dowan, Duvessa


Innate Abilities, Weirdness & Mutations

You are very small and have problems with some larger weapons.
You are too small for most types of armour.
You have supernaturally acute eyesight. (SInv)
You cover ground extremely quickly. (Speed+++)


Message History

Confirm with . or Enter, or press ? or * to list all spells.
Okay, then.
Dowan hits you with a +0 dagger.
Casting: Ensorcelled Hibernation (safe; 7% risk of failure)
Confirm with . or Enter, or press ? or * to list all spells.
Aiming: Ensorcelled Hibernation (safe; 7% risk of failure)
Press: ? - help, Shift-Dir - straight line, f - Dowan
Aim: Dowan, wielding a +0 dagger, wearing a +1 robe of willpower and carrying a wand of roots (11) (chance to affect: 16%)
You miscast Ensorcelled Hibernation.
You are very lightly contaminated with residual magic.
Nothing appears to happen.
Duvessa shouts!
Dowan mumbles some strange words.
Dowan blinks!
Casting: Ensorcelled Hibernation (safe; 7% risk of failure)
Confirm with . or Enter, or press ? or * to list all spells.
Aiming: Ensorcelled Hibernation (safe; 7% risk of failure)
Press: ? - help, Shift-Dir - straight line, f - Duvessa, p - Dowan
Aim: Duvessa, wielding a +0 short sword, wearing a +0 chain mail and carrying a wand of flame (15) (chance to affect: 29%) Duvessa easily resists.
Dowan gestures at Duvessa while chanting.
Duvessa seems to speed up.
Casting: Ensorcelled Hibernation (safe; 7% risk of failure)
Confirm with . or Enter, or press ? or * to list all spells.
Aiming: Ensorcelled Hibernation (safe; 7% risk of failure)
Press: ? - help, Shift-Dir - straight line, f/p - Duvessa
Aim: Duvessa, wielding a +0 short sword, wearing a +0 chain mail and carrying a wand of flame (15) (fast, chance to affect: 29%) Duvessa easily resists.
Dowan points at you and mumbles some strange words.
You are outlined in light.
Duvessa hits you with a +0 short sword!
Casting: Ensorcelled Hibernation (safe; 7% risk of failure)
Confirm with . or Enter, or press ? or * to list all spells.
Aiming: Ensorcelled Hibernation (safe; 7% risk of failure)
Press: ? - help, Shift-Dir - straight line, f/p - Duvessa
Aim: Duvessa, wielding a +0 short sword, wearing a +0 chain mail and carrying a wand of flame (15) (fast, chance to affect: 29%) Duvessa easily resists.
Duvessa zaps a wand.
The puff of flame hits you!
* * * LOW HITPOINT WARNING * * *
Dowan points at you and mumbles some strange words.
The puff of frost hits you!
You die...

#. #.##### ##### #.#
#.##.. ...... #.#
#.##.##.##### #.#
##.#.#.# #.# ##...# #.#
##.########
###.######..........
####....?......########
#.e...@#######.#
#.##..e# ###.### #...#
#.....# ...... #.###.#
.###.#. #.# ... # #. .#
#.# ##. #. .# #.....# #
#. .# #######


You could see Duvessa (fast) and Dowan.

Vanquished Creatures
  A human zombie (Ossuary)
  A jelly (D:4)
  A hound (D:5)
  Jessica (D:3)
  An iguana (D:5)
  3 adders
  2 adder zombies (Ossuary)
  4 dart slugs
  4 bats
  2 endoplasms
  4 giant cockroaches
  6 goblins
  4 hobgoblins
  6 jackals
  A quokka (D:1)
  5 ball pythons
  7 frilled lizards
  A goblin zombie (Ossuary)
  A hobgoblin zombie (Ossuary)
  A jackal zombie (Ossuary)
  5 kobolds
  2 kobold zombies (Ossuary)
  An orc zombie (Ossuary)
  A quokka zombie (Ossuary)
  4 rats
  4 rat zombies (Ossuary)
73 creatures vanquished.

Vanquished Creatures (collateral kills)
  An elf zombie (Ossuary)
  A rat zombie (Ossuary)
2 creatures vanquished.

Vanquished Creatures (others)
  A fungus (D:1)
1 creature vanquished.

Grand Total: 76 creatures vanquished

Notes
Turn   | Place    | Note
-------+----------+-------------------------------------------
     0 | D:1      | NinjaNoafa the Spriggan Enchanter began the quest for the
                  | Orb.
     0 | D:1      | Reached XP level 1. HP: 9/9 MP: 5/5
   193 | D:1      | Reached XP level 2. HP: 13/13 MP: 6/6
   703 | D:1      | Found Uxeigg's Magic Scroll Emporium.
   992 | D:2      | Reached XP level 3. HP: 16/16 MP: 8/8
  1398 | D:2      | Reached skill level 5 in Stealth
  1623 | D:3      | Noticed Jessica
  1626 | D:3      | Killed Jessica
  1627 | D:3      | Reached XP level 4. HP: 21/21 MP: 9/9
  1669 | D:3      | HP: 1/21 [poisoned by an adder]
  1796 | D:4      | Reached skill level 5 in Dodging
  1874 | D:4      | Found a sand-covered staircase.
  2015 | D:4      | Reached XP level 5. HP: 18/24 MP: 10/10
  2086 | Ossuary  | Entered an ossuary
  2155 | Ossuary  | Learned a level 2 spell: Ensorcelled Hibernation
  2236 | Ossuary  | Reached skill level 5 in Hexes
  2532 | D:4      | Reached XP level 6. HP: 20/28 MP: 11/11
  2669 | D:4      | Found an ancient bone altar of Kikubaaqudgha.
  2871 | D:5      | Entered Level 5 of the Dungeon
  3030 | D:5      | Noticed Duvessa
  3031 | D:5      | Noticed Dowan
  3057 | D:5      | Killed from afar by Dowan

Illustrated notes

Levels and vault maps discovered:
D:1:      ncdulo_smallfort, layout_basic, serial_shops, shop,
          dreamdust_mushroom_princess
D:2:      layout_basic, glass_columns_c
D:3:      layout_rooms, nicolae_ru_great_annihilating_truth, uniq_jessica
D:4:      cheibrodos_quashed, layout_basic, nicolae_kikubaaqudgha_miasma_corner,
          chequers_ossuary_entry_cave
D:5:      layout_loops_ring, mainiacjoe_overflow_brackets,
          amcnicky_altar_gilded, minmay_hedge_maze, uniq_duvessa

Skill      XL: |  1  2  3  4  5 |
---------------+----------------+-----
Short Blades   | 2 3 4 |  4.5
Dodging        | 3 4 5 |  5.0
Stealth        | 5 |  5.4
Hexes          | 5 |  5.0
Spellcasting   | |  2.6

Action                   |  1- 3 |  4- 6 || total
-------------------------+-------+-------++-------
Melee: Dagger            |   157 |   108 ||   265
       Punch             |     2 |     2 ||     4
       Short sword       |       |     6 ||     6
Throw: Dart              |       |     2 ||     2
 Cast: Ensorcelled Hiber |       |     4 ||     4
Evoke: Wand              |       |     1 ||     1
  Use: Potion            |     1 |     3 ||     4
       Scroll            |       |     7 ||     7
 Stab: Invisible         |     1 |     3 ||     4
       Sleeping          |     7 |     6 ||    13
       Distracted        |     1 |       ||     1
Armor: Robe              |    20 |     9 ||    29
Dodge: Dodged            |   129 |    79 ||   208
Block: Buckler           |     7 |       ||     7

Table legend: (Time is in decaauts)
 A = Elapsed time spent in this place.
 B = Non-inter-level travel time spent in this place.
 C = Inter-level travel time spent in this place.
 D = Time resting spent in this place.
 E = Time spent auto-exploring this place.
 F = Levels seen in this place.
 G = Mean time per level.
                   A        B        C        D        E       F      G
               +--------+--------+--------+--------+--------+-----+--------+
         Total |   2100 |   2001 |     99 |      0 |   1389 |   6 |  350.0 |
       Dungeon |   1905 |   1806 |     99 |      0 |   1296 |   5 |  381.0 |
       Ossuary |    195 |    195 |      0 |      0 |     93 |   1 |  195.0 |
               +--------+--------+--------+--------+--------+-----+--------+

Top non-repeatable levels by time:
     D:1: 644 daAuts
     D:4: 642 daAuts
     D:2: 448 daAuts
 Ossuary: 195 daAuts
     D:5: 127 daAuts
     D:3: 42 daAuts
